 Dungeon Crawl Stone Soup version 0.32-a0-747-gc8563f6 (webtiles) character file.

Game seed: 636706979409112270

224 GregortTheSecond the Grave Robber (level 5, 0/35 (36) HPs)
             Began as a Demonspawn Necromancer on Mar 17, 2024.
             Was an Initiate of Makhleb.
             Slain by Crazy Yiuf
             ... wielding a +4 quarterstaff of chaos
              (2 damage)
             ... while petrified by Crazy Yiuf
             ... on level 3 of the Dungeon.
             The game lasted 00:16:20 (2622 turns).

GregortTheSecond the Grave Robber (DsNe)            Turns: 2622, Time: 00:16:20

HP:   0/35 (36)     AC:  8    Str:  9    XL:     5   Next: 67%
MP:   5/10          EV:  2    Int: 17    God:    Makhleb [......]
Gold: 43            SH:  0    Dex: 19    Spells: 10/11 levels left

rFire   . . .        g - staff of air
rCold   . . .        (no shield)
rNeg    + + +        a - +0 robe
rPois   ∞            (no helmet)
rElec   +            k - scarf {repulsion}
rCorr   .            f - +2 pair of gloves
SInv    .            n - +0 pair of boots
Will    .....        (no amulet)
Stlth   +++          i - +6 ring of dexterity
HPRegen 0.25/turn    (no ring)
MPRegen 0.12/turn

%: repel missiles
@: lethally poisoned (0 -> 0), petrified, wreathed by umbra, lightly drained
A: icy blue scales 1, powered by death 1, foul shadow 1
a: Renounce Religion


You were on level 3 of the Dungeon.
You worshipped Makhleb.
Makhleb was noncommittal.
You visited 1 branch of the dungeon, and saw 3 of its levels.

You collected 43 gold pieces.

Inventory:

Hand Weapons
 d - a +0 club
Armour
 a - a +0 robe (worn)
 f - a +2 pair of gloves (worn)
 k - a scarf of repulsion (worn)
 n - a +0 pair of boots (worn)
Magical Staves
 g - a staff of air (weapon)
Jewellery
 i - a +6 ring of dexterity (left hand)
 p - a ring of protection from cold
Wands
 o - a wand of flame (14)
Scrolls
 e - 2 scrolls of identify
 h - 4 scrolls of teleportation {unknown}
 j - a scroll of fog
 m - a scroll of immolation {unknown}
 q - a scroll of noise {unknown}
 r - a scroll of silence {unknown}
Potions
 b - a potion of magic
 c - a potion of heal wounds {unknown}
 l - a potion of ambrosia {unknown}


   Skills:
 + Level 0.4 Fighting
 + Level 2.3 Dodging
 + Level 2.1 Stealth
 + Level 3.7 Spellcasting
 + Level 6.1 Necromancy


You had 10 spell levels left.
You knew the following spells:

 Your Spells              Type           Power      Damage    Failure   Level
a - Necrotise             Necr           96%        1d8       1%          1

Your spell library contained the following spells:

 Spells                   Type           Power      Damage    Failure   Level
 Vampiric Draining        Necr           24%        2d7       4%          3
 Animate Dead             Necr           24%        N/A       13%         4
 Sandblast                Erth           6%         2d5       16%         1
 Curse of Agony           Necr           24%        N/A       36%         5
 Stone Arrow              Conj/Erth      6%         3d7       43%         3
 Brom's Barrelling Bould  Conj/Erth      3%         2d3       85%         4


Dungeon Overview and Level Annotations

Branches:
Dungeon (3/15)

Altars:
Hepliaklqana
Makhleb
Nemelex Xobeh

Annotations:
D:3 Crazy Yiuf


Innate Abilities, Weirdness & Mutations

You are partially covered in icy blue scales. (AC +2)
You regenerate a little health from kills.
You are faintly shadowed, very rarely releasing foul flame when damaged in melee.


Message History

Aiming: Necrotise (safe; 1% risk of failure)
Press: ? - help, Shift-Dir - straight line, f - Crazy Yiuf
Aim: Crazy Yiuf, wielding a +4 quarterstaff of chaos and wearing a +0 cloak (umbra, chance to affect: 88%) Crazy Yiuf barely resists.
Crazy Yiuf hits you with a +4 quarterstaff of chaos.
Casting: Necrotise (safe; 1% risk of failure)
Confirm with . or Enter, or press ? or * to list all spells.
Aiming: Necrotise (safe; 1% risk of failure)
Press: ? - help, Shift-Dir - straight line, f/p - Crazy Yiuf
Aim: Crazy Yiuf, wielding a +4 quarterstaff of chaos and wearing a +0 cloak (umbra, chance to affect: 88%) Crazy Yiuf barely resists.
Crazy Yiuf hits you with a +4 quarterstaff of chaos.
You are poisoned.
Unknown command.
Casting: Necrotise (safe; 1% risk of failure)
Confirm with . or Enter, or press ? or * to list all spells.
Aiming: Necrotise (safe; 1% risk of failure)
Press: ? - help, Shift-Dir - straight line, f/p - Crazy Yiuf
Aim: Crazy Yiuf, wielding a +4 quarterstaff of chaos and wearing a +0 cloak (umbra, chance to affect: 88%) Crazy Yiuf barely resists.
You feel very sick.
Crazy Yiuf hits you with a +4 quarterstaff of chaos!
You are slowing down.
You feel very sick.
Your limbs are stiffening.
You feel sick. Crazy Yiuf attacks as he pursues you!
Crazy Yiuf hits you with a +4 quarterstaff of chaos.
You feel drained. Crazy Yiuf hits you but does no damage.
You have turned to stone.
Crazy Yiuf hits you with a +4 quarterstaff of chaos.
* * * LOW HITPOINT WARNING * * *
You feel your power leaking away.
Crazy Yiuf hits you with a +4 quarterstaff of chaos!
* * * LOW HITPOINT WARNING * * *
Crazy Yiuf freezes you.
* * * LOW HITPOINT WARNING * * *
Crazy Yiuf hits you but does no damage.
Crazy Yiuf screams, "Castle!"
Crazy Yiuf hits you with a +4 quarterstaff of chaos.
You die...

##...#####
#........##
#....###..#
##..## ##.#
#....# #.#
##...#
##.#### ##.##
#)....# ##.#
#####.#######
#@##
#........
##g#
#########
#.## #'# ...
#...# #)..#
##### # ##


You could see Crazy Yiuf.

Vanquished Creatures
  An orc wizard (D:3)
  Natasha (thrice) (D:2)
  Terence (D:2)
  A gnoll (D:2)
  An adder (D:2)
  A dart slug (D:3)
  3 orcs (D:3)
  7 ball pythons
  10 endoplasms
  3 giant cockroaches
  5 goblins
  3 hobgoblins
  6 kobolds
  7 bats
  3 frilled lizards
  4 rats
59 creatures vanquished.

Vanquished Creatures (collateral kills)
  An adder (D:2)
  A dart slug (D:1)
  A bat (D:1)
  An endoplasm (D:2)
  A quokka (D:1)
  A frilled lizard (D:1)
6 creatures vanquished.

Grand Total: 65 creatures vanquished

Notes
Turn   | Place    | Note
-------+----------+-------------------------------------------
     0 | D:1      | GregortTheSecond the Demonspawn Necromancer began the quest
                  | for the Orb.
     0 | D:1      | Reached XP level 1. HP: 13/13 MP: 3/3
   240 | D:1      | Gained mutation: You are partially covered in icy blue
                  | scales. (AC +2) [demonic ancestry]
   240 | D:1      | Reached XP level 2. HP: 19/19 MP: 3/5
   591 | D:1      | Reached XP level 3. HP: 24/24 MP: 1/6
   818 | D:1      | Reached skill level 5 in Necromancy
  1074 | D:2      | Found a burning altar of Makhleb.
  1408 | D:2      | Gained mutation: You regenerate a little health from kills.
                  | [demonic ancestry]
  1408 | D:2      | Reached XP level 4. HP: 27/30 MP: 2/8
  1476 | D:2      | Noticed Natasha
  1482 | D:2      | Killed Natasha
  1775 | D:2      | Noticed Natasha
  1780 | D:2      | Noticed Terence
  1783 | D:2      | Killed Natasha
  1813 | D:2      | Killed Terence
  1814 | D:2      | Gained mutation: You are faintly shadowed, very rarely
                  | releasing foul flame when damaged in melee. [demonic
                  | ancestry]
  1814 | D:2      | Reached XP level 5. HP: 14/35 MP: 0/10
  2078 | D:2      | Noticed Natasha
  2097 | D:2      | Killed Natasha
  2098 | D:2      | Reached skill level 6 in Necromancy
  2112 | D:2      | Became a worshipper of Makhleb the Destroyer
  2187 | D:3      | Found a hazy altar of Hepliaklqana.
  2496 | D:3      | Found a runed translucent door.
  2497 | D:3      | Noticed Crazy Yiuf
  2554 | D:3      | Found a sparkling altar of Nemelex Xobeh.
  2620 | D:3      | HP: 1/35 [Crazy Yiuf/+4 quarterstaff of chaos (3)]
  2622 | D:3      | Slain by Crazy Yiuf

Illustrated notes

Levels and vault maps discovered:
D:1:      sevenhm_arrival_forest_fort_small_3, layout_basic, minmay_cupped
D:2:      minmay_skewed_foursquare, layout_basic, basic_altar, uniq_natasha,
          uniq_terence
D:3:      layout_loops_ring, nemelex_spade_bored_becter,
          nicolae_hepliaklqana_hazy_memory, uniq_crazy_yiuf_cottage, uniq_ijyb

Skill      XL: |  1  2  3  4  5 |
---------------+----------------+-----
Stealth        | 2 |  2.1
Necromancy     | 5 6 |  6.1
Spellcasting   | 3 |  3.7
Dodging        | 2 |  2.3
Fighting       | |  0.4

Action                     |  1- 3 |  4- 6 || total
---------------------------+-------+-------++-------
  Melee: Unarmed           |     7 |       ||     7
         Punch             |     1 |       ||     1
         Staff             |    11 |     4 ||    15
   Cast: Necrotise         |    56 |    54 ||   110
  Evoke: Wand              |       |     3 ||     3
    Use: Scroll            |       |     1 ||     1
 Armour: Robe              |    23 |    41 ||    64
  Dodge: Dodged            |    19 |    19 ||    38
         Repelled          |     1 |     1 ||     2

Table legend: (Time is in decaauts)
 A = Elapsed time spent in this place.
 B = Non-inter-level travel time spent in this place.
 C = Inter-level travel time spent in this place.
 D = Time resting spent in this place.
 E = Time spent auto-exploring this place.
 F = Levels seen in this place.
 G = Mean time per level.
                   A        B        C        D        E       F      G
               +--------+--------+--------+--------+--------+-----+--------+
         Total |   2633 |   1940 |    693 |      0 |   1491 |   3 |  877.7 |
       Dungeon |   2633 |   1940 |    693 |      0 |   1491 |   3 |  877.7 |
               +--------+--------+--------+--------+--------+-----+--------+

Top non-repeatable levels by time:
     D:2: 1108 daAuts
     D:1: 1027 daAuts
     D:3: 497 daAuts
